NWL (28 & UNDER)
RIVERSIDE RED BULLS @ BISMARCK BARONS
09/15/2024
 
TOP OF THE 1ST
Riverside Red Bulls batting - Pitching for Bismarck Barons : RHP Pedro Lara
Pitching: RHP Pedro Lara
Batting: RHB William Richardson 0-0: Fly out, F2 (Popup, 2RF)
Batting: RHB Bud Major 0-0: Called Strike
0-1: Ball
1-1: Foul Ball, location: 2F
1-2: SINGLE (Line Drive, 9LS)
Batting: RHB Brandon Pope 0-0: Swinging Strike
0-1: Foul Ball, location: 2F
0-2: Strikes out swinging
Batting: RHB Júlio García 0-0: Called Strike
0-1: Foul Ball, location: 2F
0-2: Ball
1-2: Hit by Pitch
Bud Major to second
Batting: RHB Earnest Finnegan 0-0: Foul Ball, location: 2F
0-1: Ball
1-1: Ball
2-1: Ball
Wild Pitch!
Bud Major to third
Júlio García to second
3-1: Base on Balls
Batting: RHB Brad French 0-0: Ball
1-0: Swinging Strike
1-1: Ball
2-1: Swinging Strike
2-2: Ball
3-2: Foul Ball, location: 2F
3-2: Base on Balls
Bud Major scores
Júlio García to third
Earnest Finnegan to second
Batting: RHB Dan Williams 0-0: Foul Ball, location: 2F
0-1: Foul Ball, location: 2F
0-2: Ball
1-2: Ball
2-2: Strikes out swinging
Top of the 1st over - 1 run(s), 1 hit(s), 0 error(s), 3 left on base; Riverside 1 - Bismarck 0
BOTTOM OF THE 1ST
Bismarck Barons batting - Pitching for Riverside Red Bulls : RHP Francisco Noguera
Pitching: RHP Francisco Noguera
Batting: RHB Tony Quinn 0-0: Foul Ball, location: 2F
0-1: Ball
1-1: SINGLE (Groundball, 56)
Batting: RHB Seiji Kouno 0-0: Ball
1-0: Ball
2-0: Swinging Strike
2-1: Called Strike
2-2: Strikes out looking
Batting: RHB Dave Parker 0-0: Called Strike
0-1: Foul Ball, location: 2F
0-2: Fly out, F8 (Line Drive, 8LD)
Batting: RHB Lúcio Flores 0-0: Called Strike
Tony Quinn steals 2nd base
0-1: Ball
1-1: Fly out, F9 (Flyball, 89D)
Bottom of the 1st over - 0 run(s), 1 hit(s), 0 error(s), 1 left on base; Riverside 1 - Bismarck 0
TOP OF THE 2ND
Riverside Red Bulls batting - Pitching for Bismarck Barons : RHP Pedro Lara
Batting: RHB Soshu Nakamura 0-0: Swinging Strike
0-1: Fly out, F9 (Flyball, 9LM)
Batting: RHB Kelly Jones 0-0: Ball
1-0: Fly out, F9 (Flyball, 34D)
Batting: RHB William Richardson 0-0: Called Strike
0-1: Foul Ball, location: 2F
0-2: Ball
1-2: Ball
2-2: Foul Ball, location: 2F
2-2: Ball
3-2: SINGLE (Line Drive, 56D)
Batting: RHB Bud Major 0-0: Called Strike
0-1: Swinging Strike
0-2: Ball
William Richardson is caught stealing 2nd base
Top of the 2nd over - 0 run(s), 1 hit(s), 0 error(s), 0 left on base; Riverside 1 - Bismarck 0
BOTTOM OF THE 2ND
Bismarck Barons batting - Pitching for Riverside Red Bulls : RHP Francisco Noguera
Batting: LHB Howard Lambert 0-0: SOLO HOME RUN (Flyball, 9LD), Distance : 311 ft
Batting: RHB Enrique Gasporra 0-0: Called Strike
0-1: Ball
1-1: Bunt - Flyout! F2
Batting: RHB Benito Minardi 0-0: Called Strike
0-1: Foul Ball, location: 2F
0-2: Foul Ball, location: 2F
0-2: Ball
1-2: Ball
2-2: Foul Ball, location: 2F
2-2: Ball
3-2: Base on Balls
Batting: RHB Norm Francis 0-0: Fly out, F7 (Flyball, 78S)
Batting: RHB Nobuharu Hoshino 0-0: Ball
1-0: Ball
2-0: Ball
3-0: Called Strike
3-1: Fly out, F8 (Flyball, 8RD)
Bottom of the 2nd over - 1 run(s), 1 hit(s), 0 error(s), 1 left on base; Riverside 1 - Bismarck 1
TOP OF THE 3RD
Riverside Red Bulls batting - Pitching for Bismarck Barons : RHP Pedro Lara
Batting: RHB Bud Major 0-0: Ball
1-0: Ball
2-0: Ball
3-0: Foul Ball, location: 2F
3-1: Base on Balls
Batting: RHB Brandon Pope 0-0: Foul Ball, location: 2F
0-1: Foul Ball, location: 2F
0-2: Ball
1-2: SINGLE (Line Drive, 9LS)
Bud Major to second
Batting: RHB Júlio García 0-0: Called Strike
0-1: Grounds into double play, 6-4-3 (Groundball, 6M)
Bud Major to third
Batting: RHB Earnest Finnegan 0-0: Foul Ball, location: 2F
0-1: Called Strike
0-2: Fly out, F9 (Flyball, 9LMF)
Top of the 3rd over - 0 run(s), 1 hit(s), 0 error(s), 1 left on base; Riverside 1 - Bismarck 1
BOTTOM OF THE 3RD
Bismarck Barons batting - Pitching for Riverside Red Bulls : RHP Francisco Noguera
Batting: RHB Tony Quinn 0-0: Foul Ball, location: 2F
0-1: Swinging Strike
0-2: Strikes out looking
Batting: RHB Seiji Kouno 0-0: Swinging Strike
0-1: Reached on error, E4 (Groundball, 4M)
Batting: RHB Dave Parker 0-0: Called Strike
0-1: Ball
1-1: Swinging Strike
1-2: Strikes out swinging
Batting: RHB Lúcio Flores 0-0: Called Strike
0-1: Fly out, F8 (Line Drive, 8LD)
Bottom of the 3rd over - 0 run(s), 0 hit(s), 1 error(s), 1 left on base; Riverside 1 - Bismarck 1
TOP OF THE 4TH
Riverside Red Bulls batting - Pitching for Bismarck Barons : RHP Pedro Lara
Batting: RHB Brad French 0-0: Called Strike
0-1: Ball
1-1: Called Strike
1-2: Ball
2-2: Foul Ball, location: 2F
2-2: SINGLE (Groundball, 6MD)
Batting: RHB Dan Williams 0-0: Called Strike
0-1: Foul Ball, location: 2F
0-2: Strikes out looking
Batting: RHB Soshu Nakamura 0-0: Ball
1-0: Foul Ball, location: 2F
1-1: SINGLE (Groundball, 4MD)
Brad French to second
Batting: RHB Kelly Jones 0-0: Ball
1-0: Foul Ball, location: 2F
1-1: Foul Ball, location: 2F
1-2: Foul Ball, location: 2F
1-2: Ball
2-2: Strikes out swinging
Batting: RHB William Richardson 0-0: Swinging Strike
0-1: Ball
1-1: Ball
2-1: Swinging Strike
2-2: Ball
3-2: Base on Balls
Brad French to third
Soshu Nakamura to second
Batting: RHB Bud Major 0-0: Called Strike
0-1: Ball
1-1: Ball
2-1: Ball
3-1: Base on Balls
Brad French scores
Soshu Nakamura to third
William Richardson to second
Batting: RHB Brandon Pope 0-0: Foul Ball, location: 2F
0-1: Foul Ball, location: 2F
0-2: Fly out, F7 (Flyball, 7LM)
Top of the 4th over - 1 run(s), 2 hit(s), 0 error(s), 3 left on base; Riverside 2 - Bismarck 1
BOTTOM OF THE 4TH
Bismarck Barons batting - Pitching for Riverside Red Bulls : RHP Francisco Noguera
Batting: LHB Howard Lambert 0-0: Called Strike
0-1: Called Strike
0-2: Strikes out swinging
Batting: RHB Enrique Gasporra 0-0: Ball
1-0: Ball
2-0: SINGLE (Groundball, 5D)
Batting: RHB Benito Minardi 0-0: Ball
1-0: Called Strike
1-1: Fly out, F6 (Popup, 4M)
Batting: RHB Norm Francis 0-0: Ball
1-0: Swinging Strike
1-1: Called Strike
Enrique Gasporra steals 2nd base
1-2: Ball
2-2: Ground out 4-3 (Groundball, 34S)
Bottom of the 4th over - 0 run(s), 1 hit(s), 0 error(s), 1 left on base; Riverside 2 - Bismarck 1
TOP OF THE 5TH
Riverside Red Bulls batting - Pitching for Bismarck Barons : RHP Pedro Lara
Pitching: RHP Felix Carrado
Batting: RHB Júlio García 0-0: Called Strike
0-1: Ball
1-1: Ball
2-1: Foul Ball, location: 2F
2-2: Ground out 4-3 (Groundball, 34)
Batting: RHB Earnest Finnegan 0-0: Ball
1-0: Called Strike
1-1: Fly out, F9 (Flyball, 9S)
Batting: RHB Brad French 0-0: Ball
1-0: Ground out 5-3 (Groundball, 5S)
Top of the 5th over - 0 run(s), 0 hit(s), 0 error(s), 0 left on base; Riverside 2 - Bismarck 1
BOTTOM OF THE 5TH
Bismarck Barons batting - Pitching for Riverside Red Bulls : RHP Francisco Noguera
Batting: RHB Nobuharu Hoshino 0-0: Ground out 6-3 (Groundball, 6)
Batting: RHB Tony Quinn 0-0: Called Strike
0-1: Called Strike
0-2: Foul Ball, location: 2F
0-2: Ball
1-2: Ball
2-2: Strikes out swinging
Batting: RHB Seiji Kouno 0-0: Foul Ball, location: 2F
0-1: Called Strike
0-2: DOUBLE (Flyball, 78D)
Batting: RHB Dave Parker 0-0: Called Strike
0-1: Foul Ball, location: 2F
0-2: Strikes out looking
Bottom of the 5th over - 0 run(s), 1 hit(s), 0 error(s), 1 left on base; Riverside 2 - Bismarck 1
TOP OF THE 6TH
Riverside Red Bulls batting - Pitching for Bismarck Barons : RHP Felix Carrado
Batting: RHB Dan Williams 0-0: Ground out 4-3 (Groundball, 4)
Batting: RHB Soshu Nakamura 0-0: Ball
1-0: Ball
2-0: Reached on error, E6 (Groundball, 6)
Batting: RHB Kelly Jones 0-0: Called Strike
Soshu Nakamura is caught stealing 2nd base
0-1: Foul Ball, location: 2F
0-2: Foul Ball, location: 2F
0-2: Ball
1-2: Ball
2-2: SINGLE (Groundball, 5D)
Batting: RHB William Richardson 0-0: Ball
1-0: Swinging Strike
1-1: Ball
2-1: Called Strike
2-2: Ball
3-2: Base on Balls
Kelly Jones to second
Batting: RHB Bud Major 0-0: SINGLE (Line Drive, 4MD)
Kelly Jones to third
William Richardson to second
Runner from 3rd tries for Home, SAFE, no throw or cutoff
Batting: RHB Brandon Pope 0-0: Ball
1-0: Swinging Strike
1-1: Called Strike
1-2: Foul Ball, location: 2F
1-2: Foul Ball, location: 2F
1-2: Strikes out looking
Top of the 6th over - 1 run(s), 2 hit(s), 1 error(s), 2 left on base; Riverside 3 - Bismarck 1
BOTTOM OF THE 6TH
Bismarck Barons batting - Pitching for Riverside Red Bulls : RHP Francisco Noguera
Batting: RHB Lúcio Flores 0-0: Called Strike
0-1: Ball
1-1: Ball
2-1: Ball
3-1: Called Strike
3-2: Foul Ball, location: 2F
3-2: Strikes out swinging
Batting: LHB Howard Lambert 0-0: Foul Ball, location: 2F
0-1: Ball
1-1: Ball
2-1: Called Strike
2-2: Ball
3-2: Foul Ball, location: 2F
3-2: SINGLE (Groundball, 3D)
Batting: RHB Enrique Gasporra 0-0: Ball
1-0: Ball
2-0: Called Strike
2-1: SINGLE (Groundball, 6MD)
Howard Lambert to second
Batting: RHB Benito Minardi 0-0: Called Strike
0-1: Ball
1-1: Called Strike
1-2: Grounds into double play, 6-4-3 (Groundball, 56)
Bottom of the 6th over - 0 run(s), 2 hit(s), 0 error(s), 1 left on base; Riverside 3 - Bismarck 1
TOP OF THE 7TH
Riverside Red Bulls batting - Pitching for Bismarck Barons : RHP Felix Carrado
Pitching: RHP Francisco Anaya
Batting: RHB Júlio García 0-0: Called Strike
0-1: Foul Ball, location: 2F
0-2: Foul Ball, location: 2F
0-2: Strikes out looking
Batting: RHB Earnest Finnegan 0-0: Called Strike
0-1: Foul Ball, location: 2F
0-2: Ball
1-2: Ball
2-2: Strikes out swinging
Batting: RHB Brad French 0-0: Ball
1-0: Ball
2-0: Ball
3-0: Called Strike
3-1: Foul Ball, location: 2F
3-2: Foul Ball, location: 2F
3-2: Foul Ball, location: 2F
3-2: Base on Balls
Batting: RHB Dan Williams 0-0: Ball
1-0: Ball
2-0: Called Strike
2-1: Called Strike
2-2: Fly out, F8 (Flyball, 8RM)
Top of the 7th over - 0 run(s), 0 hit(s), 0 error(s), 1 left on base; Riverside 3 - Bismarck 1
BOTTOM OF THE 7TH
Bismarck Barons batting - Pitching for Riverside Red Bulls : RHP Francisco Noguera
Pitching: RHP Emery Graham
Batting: RHB Norm Francis 0-0: Called Strike
0-1: Ball
1-1: Foul Ball, location: 2F
1-2: Ground out 6-3 (Groundball, 6M)
Batting: RHB Nobuharu Hoshino 0-0: Ball
1-0: Ball
2-0: Called Strike
2-1: Ground out 4-3 (Groundball, 4M)
Batting: RHB Tony Quinn 0-0: Called Strike
0-1: Ball
1-1: Foul Ball, location: 2F
1-2: Strikes out looking
Bottom of the 7th over - 0 run(s), 0 hit(s), 0 error(s), 0 left on base; Riverside 3 - Bismarck 1
TOP OF THE 8TH
Riverside Red Bulls batting - Pitching for Bismarck Barons : RHP Francisco Anaya
Batting: RHB Soshu Nakamura 0-0: DOUBLE (Flyball, 89D)
Batting: RHB Kelly Jones 0-0: Ball
1-0: Foul Ball, location: 2F
1-1: Ball
2-1: Foul Ball, location: 2F
2-2: Strikes out swinging
Batting: RHB William Richardson 0-0: Intentional Walk
Batting: RHB Bud Major 0-0: Ball
1-0: SINGLE (Groundball, 56D)
Soshu Nakamura to third
William Richardson to second
Runner from 3rd tries for Home, SAFE, throw made at trailing runner, SAFE at third!
Batting: RHB Brandon Pope 0-0: Called Strike
0-1: Foul Ball, location: 2F
0-2: Ball
1-2: Ball
2-2: Strikes out swinging
Batting: RHB Júlio García 0-0: Fly out, F7 (Flyball, 78S)
Top of the 8th over - 1 run(s), 2 hit(s), 0 error(s), 2 left on base; Riverside 4 - Bismarck 1
BOTTOM OF THE 8TH
Bismarck Barons batting - Pitching for Riverside Red Bulls : RHP Emery Graham
Batting: RHB Seiji Kouno 0-0: Called Strike
0-1: Foul Ball, location: 2F
0-2: Ball
1-2: Ground out 6-3 (Groundball, 6)
Batting: RHB Dave Parker 0-0: Ball
1-0: Ball
2-0: Ball
3-0: Called Strike
3-1: Base on Balls
Pitching: RHP Paco Ríos
Batting: RHB Lúcio Flores 0-0: Called Strike
0-1: Foul Ball, location: 2F
0-2: Ball
1-2: Strikes out swinging
Pitching: LHP Pedro Veláquez
Batting: LHB Howard Lambert 0-0: Ball
1-0: Foul Ball, location: 2F
1-1: Fly out, F8 (Flyball, 8LD)
Bottom of the 8th over - 0 run(s), 0 hit(s), 0 error(s), 1 left on base; Riverside 4 - Bismarck 1
TOP OF THE 9TH
Riverside Red Bulls batting - Pitching for Bismarck Barons : RHP Francisco Anaya
Batting: RHB Earnest Finnegan 0-0: Ball
1-0: Ball
2-0: Called Strike
2-1: Foul Ball, location: 2F
2-2: Ball
3-2: Base on Balls
Batting: RHB Brad French 0-0: Ball
1-0: Ball
2-0: Sac Bunt - play at first, batter OUT! 5-3
Earnest Finnegan to second
Batting: RHB Dan Williams 0-0: Called Strike
0-1: Ball
1-1: Foul Ball, location: 2F
1-2: Strikes out swinging
Batting: RHB Soshu Nakamura 0-0: Called Strike
0-1: Ball
1-1: Swinging Strike
1-2: Strikes out looking
Top of the 9th over - 0 run(s), 0 hit(s), 0 error(s), 1 left on base; Riverside 4 - Bismarck 1
BOTTOM OF THE 9TH
Bismarck Barons batting - Pitching for Riverside Red Bulls : LHP Pedro Veláquez
Pitching: LHP Ricardo Díaz
Batting: RHB Enrique Gasporra 0-0: Foul Ball, location: 2F
0-1: Ball
1-1: Swinging Strike
1-2: Ball
2-2: Ball
3-2: Strikes out swinging
Batting: RHB Benito Minardi 0-0: Ball
1-0: Called Strike
1-1: Fly out, F9 (Flyball, 89M)
Batting: RHB Norm Francis 0-0: Ground out 1-3 (Groundball, 25)
Bottom of the 9th over - 0 run(s), 0 hit(s), 0 error(s), 0 left on base; Riverside 4 - Bismarck 1
This league is powered by Out of the Park Baseball, the baseball management simulation game for PC, Mac and Linux
Saturday, April 9th, 2016 - OOTP Baseball 16.8 Build 38